 Dungeon Crawl Stone Soup version 0.31-a0-1612-g4aaf141 (webtiles) character file.

Game seed: 16525895518905578550

29 jchaught the Grave Robber (level 3, -4/25 HPs)
             Began as a Human Necromancer on Jan 8, 2024.
             Slain by a ribbon worm (6 damage)
             ... on level 1 of the Dungeon.
             The game lasted 00:15:05 (1549 turns).

jchaught the Grave Robber (Human Necromancer)       Turns: 1549, Time: 00:15:06

Health: -4/25      AC:  2    Str:  8    XL:     3   Next: 16%
Magic:  1/6        EV: 12    Int: 17    God:
Gold:   35         SH:  0    Dex: 13    Spells: 5/6 levels left

rFire   . . .        g - +0 spear
rCold   . . .        (no shield)
rNeg    . . .        a - +0 robe
rPois   .            (no helmet)
rElec   .            (no cloak)
rCorr   .            (no gloves)
SInv    .            (no boots)
Will    .....        (no amulet)
Stlth   ++           (no ring)
HPRegen 0.24/turn    (no ring)
MPRegen 0.10/turn

%: no passive effects
@: no status effects
A: explore regen
a: no special abilities


You were on level 1 of the Dungeon.
You visited 1 branch of the dungeon, and saw 2 of its levels.

You collected 35 gold pieces.

Inventory:

Hand Weapons
 c - a +0 mace
 d - a +0 club
 e - a +0 dagger
 g - a +0 spear (weapon)
 i - a +0 whip of flaming
Armour
 a - a +0 robe (worn)
Scrolls
 f - a scroll of poison {unknown}
 h - a scroll of brand weapon {unknown}
 k - a scroll of teleportation {unknown}
Potions
 b - a potion of magic
 j - a potion of haste {unknown}


   Skills:
 + Level 0.8 Fighting
 + Level 0.2 Maces & Flails
 + Level 2.1 Dodging
 + Level 2.1 Stealth
 + Level 2.2 Spellcasting
 + Level 4.5 Necromancy


You had 5 spell levels left.
You knew the following spells:

 Your Spells              Type           Power      Damage    Failure   Level
a - Necrotise             Necr           68%        1d7       3%          1

Your spell library contained the following spells:

 Spells                   Type           Power      Damage    Failure   Level
 Vampiric Draining        Necr           17%        2d7       9%          3
 Animate Dead             Necr           17%        N/A       30%         4
 Curse of Agony           Necr           17%        N/A       63%         5


Dungeon Overview and Level Annotations

Branches:
Dungeon (2/15)

Altars:


Innate Abilities, Weirdness & Mutations

You regain HP and MP as you explore.


Message History

The jackal bites you. x2
You hit the jackal.
The jackal is almost dead.
The jackal bites you.
* * * LOW HITPOINT WARNING * * *
You hit the jackal but do no damage.
The jackal is almost dead.
The jackal misses you. The jackal bites you.
* * * LOW HITPOINT WARNING * * *
Casting: Necrotise (safe; 3% risk of failure)
Confirm with . or Enter, or press ? or * to list all spells.
Aiming: Necrotise (safe; 3% risk of failure)
Press: ? - help, Shift-Dir - straight line, f - jackal
Aim: a jackal (severely wounded, chance to affect: 87%)
The jackal barely resists.
The jackal closely misses you.
Casting: Necrotise (safe; 3% risk of failure)
Confirm with . or Enter, or press ? or * to list all spells.
Aiming: Necrotise (safe; 3% risk of failure)
Press: ? - help, Shift-Dir - straight line, f/p - jackal
Aim: a jackal (severely wounded, chance to affect: 87%)
The jackal writhes in agony.
You kill the jackal!
The dead are walking!
The ribbon worm closely misses you.
Casting: Necrotise (safe; 3% risk of failure)
Confirm with . or Enter, or press ? or * to list all spells.
Aiming: Necrotise (safe; 3% risk of failure)
Press: ? - help, Shift-Dir - straight line, f - ribbon worm
Aim: a ribbon worm (ally target, chance to affect: 81%)
The ribbon worm writhes in agony.
Your jackal skeleton bites the ribbon worm.
You barely miss the ribbon worm.
The ribbon worm is moderately wounded.
The ribbon worm bites you.
* * * LOW HITPOINT WARNING * * *
Your jackal skeleton bites the ribbon worm but does no damage.
Your jackal skeleton bites the ribbon worm.
The ribbon worm attacks as it pursues you!
The ribbon worm bites you.
You die...

####.......# #.#.#
#..#.......# #.#.#
#..#....#.## #.#
#..##...#.# #.#
###.......#.# ##.#
#...Z##...#.. .#.#
#.....>...### .# #
#...w#)##..###.#.#
#..@.#.###.....#.#.#
#....#..)........#.#
#....########..###.#
#....# #.........#.#
###### #.###...#.#.#
#.........#.#
#####.....#.#
##....... #######.


You could see a ribbon worm (ally target) and a friendly jackal skeleton.

Vanquished Creatures
  4 ball pythons (D:1)
  3 endoplasms
  A giant cockroach (D:1)
  A goblin (D:1)
  2 hobgoblins (D:1)
  2 jackals
  A frilled lizard (D:1)
  6 kobolds (D:1)
  3 rats
23 creatures vanquished.

Vanquished Creatures (collateral kills)
  A giant cockroach (D:1)
  A jackal (D:2)
  A frilled lizard (D:1)
  A kobold (D:1)
4 creatures vanquished.

Grand Total: 27 creatures vanquished

Notes
Turn   | Place    | Note
-------+----------+-------------------------------------------
     0 | D:1      | jchaught the Human Necromancer began the quest for the Orb.
     0 | D:1      | Reached XP level 1. HP: 13/13 MP: 3/3
   343 | D:1      | Reached XP level 2. HP: 19/19 MP: 3/5
  1480 | D:2      | Reached XP level 3. HP: 25/25 MP: 6/6
  1549 | D:1      | Slain by a ribbon worm

Illustrated notes

Levels and vault maps discovered:
D:1:      dpeg_arrival_boxorama, layout_basic
D:2:      layout_basic, minmay_unequal

Action                     || total
---------------------------++-------
  Melee: Mace              ||    13
         Spear             ||    54
   Cast: Necrotise         ||    21
   Stab: Sleeping          ||     2
 Armour: Robe              ||    55
  Dodge: Dodged            ||    81

Table legend: (Time is in decaauts)
 A = Elapsed time spent in this place.
 B = Non-inter-level travel time spent in this place.
 C = Inter-level travel time spent in this place.
 D = Time resting spent in this place.
 E = Time spent auto-exploring this place.
 F = Levels seen in this place.
 G = Mean time per level.
                   A        B        C        D        E       F      G
               +--------+--------+--------+--------+--------+-----+--------+
         Total |   1558 |   1558 |      0 |    897 |      0 |   2 |  779.0 |
       Dungeon |   1558 |   1558 |      0 |    897 |      0 |   2 |  779.0 |
               +--------+--------+--------+--------+--------+-----+--------+

Top non-repeatable levels by time:
     D:1: 1497 daAuts
     D:2: 61 daAuts
